 Dungeon Sprint DCSS version 0.27-a0-216-g1fbed8a51c (webtiles) character file.

Game seed: 7491397887588874764

613 mhtbhm the Cleaver (level 7, -4/55 (87) HPs)
             Began as an Octopode Berserker on Jan 31, 2021.
             Was a Priest of Trog.
             Slain by Sonja
             ... wielding a +0 short sword of draining
              (6 damage)
             ... in the Dungeon (Sprint I: "Red Sonja").
             The game lasted 00:01:28 (728 turns).

mhtbhm the Cleaver (Octopode Berserker)              Turns: 728, Time: 00:01:29

HP:   -4/55 (87)    AC:  1    Str: 18    XL:     7   Next: 44%
MP:   7/7           EV: 17    Int: 10    God:    Trog [***...]
Gold: 445           SH:  0    Dex: 11    Spells: 6/6 levels left

rFire    . . .     SeeInvis .   a - +0 hand axe
rCold    . . .     Faith    .   (no shield)
rNeg     . . .     Spirit   .   (helmet restricted)
rPois    .         Reflect  .   (no amulet)
rElec    .         Harm     .   (no ring)
rCorr    .         Rampage  .   (no ring)
Will     .....     NoTele   +   (no ring)
Stlth    ..........             (no ring)
HPRegen  0.18/turn              (no ring)
MPRegen  0.10/turn              (no ring)
                                (no ring)
                                (no ring)

@: berserking (expiring), lethally poisoned (-4 -> -7), slowed, very heavily
drained
A: almost no armour, stealthy swim, amphibious, 8 rings, constrict 8, camouflage
1, gelatinous body 1
a: Renounce Religion, Berserk, Trog's Hand


You were in the Dungeon.
You worshipped Trog.
Trog was most pleased with you.
You visited 1 branch You collected 445 gold pieces.

Inventory:

Hand Weapons
 a - a +0 hand axe (weapon)
Scrolls
 g - a scroll of blinking
Potions
 c - a potion of heal wounds
 d - a potion of haste
 e - 2 potions of magic
 f - a potion of berserk rage


   Skills:
 + Level 9.6 Fighting
 + Level 9.6 Axes
 + Level 9.2 Dodging
 + Level 3.0 Stealth


You had 6 spell levels left.
You didn't know any spells.
Your spell library was empty.

Dungeon Overview and Level Annotations

Branches:
Dungeon (1/1)

Altars:
Cheibriados
Dithmenos
Elyvilon
Fedhas
Gozag
Hepliaklqana
Kikubaaqudgha
Makhleb
Nemelex Xobeh
Okawaru
Qazlal
Ru
Sif Muna
Trog
Uskayaw
Vehumet
Wu Jian
Xom
Yredelemnul
Zin
The Shining One
Jiyva
Lugonu

Shops:
D !!

Annotations:
D Sonja


Innate Abilities, Weirdness & Mutations

You cannot wear most types of armour.
You are very stealthy in the water. (Stealth+)
You are amphibious.
You can wear up to eight rings at the same time.
You can use your tentacles to constrict eight enemies at once.
Your skin changes colour to match your surroundings (Stealth+).
Your rubbery body absorbs attacks. (AC +1, EV +1)


Message History

Sonja hits you with a +0 short sword of draining.
You feel drained.
You barely miss Sonja. Your grab misses Sonja.
Sonja is heavily wounded.
You feel sick. Sonja closely misses you. Sonja completely misses you.
Sonja hits you with a +0 short sword of draining.
* * * LOW HITPOINT WARNING * * *
You feel drained.
* * * LOW HITPOINT WARNING * * *
You hit Sonja. Your grab misses Sonja.
Sonja is heavily wounded.
Sonja drinks a potion.
Sonja is healed!
You barely miss Sonja. Your grab misses Sonja.
Sonja hits you with a +0 short sword of draining!
* * * LOW HITPOINT WARNING * * *
You feel drained.
* * * LOW HITPOINT WARNING * * *
Sonja closely misses you.
Sonja hits you with a +0 short sword of draining.
You die...

#..)..#.)').#..'^.'..#
#..#####'#####'#__####
#..####..#...#[####
#..#__####..##.#
#..#_____##'#_.+
#⌠⌠#_.∩...'..._#
####_..__##_.#'#
#_____###K#)#
############@###
#∩........'..$+
###++++####$.$# ##.##
#+#


You could see Sonja.

Vanquished Creatures
  A slime creature (D)
  Sigmund (D)
  A yak (D)
  An ogre (D)
  A jelly (D)
  Ijyb (D)
6 creatures vanquished.

Notes
Turn   | Place    | Note
-------+----------+-------------------------------------------
     0 | D        | mhtbhm the Octopode Berserker began the quest for the Orb.
     0 | D        | Reached XP level 1. HP: 16/16 MP: 1/1
     2 | D        | Noticed Ijyb
     7 | D        | Killed Ijyb
     8 | D        | Reached XP level 2. HP: 23/23 MP: 2/2
     8 | D        | Reached XP level 3. HP: 27/27 MP: 3/3
    51 | D        | Noticed an ogre
    58 | D        | Killed an ogre
    59 | D        | Reached skill level 1 in Stealth
    59 | D        | Reached XP level 4. HP: 36/36 MP: 4/4
   134 | D        | Noticed Sigmund
   142 | D        | Killed Sigmund
   142 | D        | Reached ** piety under Trog
   143 | D        | Reached XP level 5. HP: 44/44 MP: 5/5
   143 | D        | Reached XP level 6. HP: 50/50 MP: 6/6
   224 | D        | Found a burning altar of Makhleb.
   224 | D        | Found a viscous altar of Jiyva.
   224 | D        | Found a shimmering altar of Xom.
   224 | D        | Found a corrupted altar of Lugonu.
   224 | D        | Noticed a slime creature
   228 | D        | Killed a slime creature
   229 | D        | Reached XP level 7. HP: 57/57 MP: 7/7
   285 | D        | Found an ornate altar of the Wu Jian Council.
   285 | D        | Found a shimmering blue altar of Sif Muna.
   287 | D        | Found a radiant altar of Vehumet.
   443 | D        | Found Mazul's Distillery.
   443 | D        | Found an ancient bone altar of Kikubaaqudgha.
   443 | D        | Found a hazy altar of Hepliaklqana.
   443 | D        | Found a stormy altar of Qazlal.
   443 | D        | Found a hide-covered altar of Uskayaw.
   443 | D        | Found a blossoming altar of Fedhas.
   443 | D        | Found a bloodstained altar of Trog.
   443 | D        | Found an iron altar of Okawaru.
   443 | D        | Found a basalt altar of Yredelemnul.
   443 | D        | Found a glowing golden altar of the Shining One.
   443 | D        | Found a snail-covered altar of Cheibriados.
   443 | D        | Found a sacrificial altar of Ru.
   443 | D        | Found a glowing silver altar of Zin.
   443 | D        | Found a shadowy altar of Dithmenos.
   443 | D        | Found a white marble altar of Elyvilon.
   443 | D        | Noticed a yak
   452 | D        | Killed a yak
   452 | D        | Reached *** piety under Trog
   453 | D        | Found an opulent altar of Gozag.
   454 | D        | Found a sparkling altar of Nemelex Xobeh.
   680 | D        | Noticed Sonja
   697 | D        | Found Yraiprit's Distillery.
   728 | D        | HP: 2/55 [Sonja/+0 short sword of draining (3)]
   728 | D        | Slain by Sonja

Illustrated notes

Levels and vault maps discovered:
D:        dungeon_sprint_1 [red_sonja_temple_1, red_sonja_temple_small_1]

Skill      XL: |  1  2  3  4  5  6  7 |
---------------+----------------------+-----
Fighting       | 4 6 7 9 |  9.6
Axes           | 4 6 7 9 |  9.6
Dodging        | 4 6 7 8 9 |  9.2
Stealth        | 1 2 3 |  3.0

Action                   |  1- 3 |  4- 6 |  7- 9 || total
-------------------------+-------+-------+-------++-------
Melee: Hand axe          |     8 |     9 |    19 ||    36
       Tentacles         |     3 |     4 |     6 ||    13
       Constrict         |     1 |       |       ||     1
       Unarmed           |       |       |     5 ||     5
Invok: Berserk           |     2 |     2 |     2 ||     6
       Trog's Hand       |       |       |     1 ||     1
  Use: Potion            |       |       |     1 ||     1
 Stab: Sleeping          |     1 |       |     1 ||     2
Armor: Skin              |       |       |     3 ||     3
Dodge: Dodged            |     3 |     1 |    34 ||    38

Table legend: (Time is in decaauts)
 A = Elapsed time spent in this place.
 B = Non-inter-level travel time spent in this place.
 C = Inter-level travel time spent in this place.
 D = Time resting spent in this place.
 E = Time spent auto-exploring this place.
 F = Levels seen in this place.
 G = Mean time per level.
                   A        B        C        D        E       F      G
               +--------+--------+--------+--------+--------+-----+--------+
         Total |    779 |    779 |      0 |    589 |      0 |   1 |  779.0 |
       Dungeon |    779 |    779 |      0 |    589 |      0 |   1 |  779.0 |
               +--------+--------+--------+--------+--------+-----+--------+

Top non-repeatable levels by time:
       D: 779 daAuts
